 Dungeon Crawl Stone Soup version 0.29.0 (webtiles) character file.

Game seed: 4460540578905046378

36255 XZede the Spear-Bearer (level 13, -21/114 HPs)
             Began as a Demonspawn Berserker on Aug 30, 2022.
             Was an Elder of Trog.
             Killed from afar by Jorgrun (56 damage)
             ... with an iron shot
             ... on level 1 of the Snake Pit.
             The game lasted 01:16:08 (18472 turns).

XZede the Spear-Bearer (Demonspawn Berserker)      Turns: 18472, Time: 01:16:08

Health: -21/114    AC: 19    Str: 35    XL:     13   Next: 52%
Magic:  5/13       EV: 18    Int:  8    God:    Trog [****..]
Gold:   597        SH:  0    Dex: 12    Spells: 12/12 levels left

rFire   . . .      SeeInvis .   m - +1 scythe (flame)
rCold   . . .      Faith    .   (shield currently unavailable)
rNeg    . . .      Spirit   .   b - +5 ring mail of Goest {Str+3}
rPois   +          Reflect  .   F - +1 helmet
rElec   .          Harm     .   (no cloak)
rCorr   .          Rampage  .   c - +2 pair of gloves
Will    .....                   (no boots)
Stlth   +.........              (no amulet)
HPRegen 0.29/turn               r - +6 ring of strength
MPRegen 0.13/turn               p - +4 ring of evasion

@: lethally poisoned (-21 -> -42), on berserk cooldown, slowed, unable to read,
very slow
A: claws 2, rugged brown scales 2, demonic guardian 2, foul stench 3,
augmentation 1, poison resistance, strong 1, inability to read after injury 1
a: Renounce Religion, Berserk, Trog's Hand, Brothers in Arms


You were on level 1 of the Snake Pit.
You worshipped Trog.
Trog was greatly pleased with you.
You visited 3 branches of the dungeon, and saw 15 of its levels.

You collected 798 gold pieces.
You spent 201 gold pieces at shops.

Inventory:

Hand Weapons
 f - a +0 war axe of electrocution
 m - a +1 scythe of flaming (weapon)
 n - the +2 dagger of the Summoning Gods {freeze, rF+ rN+}
   (You found it on level 4 of the Dungeon)

   It freezes those it strikes, dealing additional cold damage.
   It can also slow down cold-blooded creatures.
   rF:        It protects you from fire.
   rN:        It protects you from negative energy.
 x - a +3 war axe
 L - a +0 halberd of protection
Missiles
 v - a throwing net (quivered)
Armour
 b - the +5 ring mail of Goest (worn) {Str+3}
   (You found it on level 1 of the Snake Pit)

   Str:       It affects your strength (+3).
 c - a +2 pair of gloves (worn)
 y - a +0 kite shield of protection
 C - the +1 robe of Elyvilon's Pride {rCorr Str+4}
   (You found it on level 7 of the Dungeon)

   Str:       It affects your strength (+4).
   rCorr:     It protects you from acid and corrosion.
 F - a +1 helmet (worn)
Jewellery
 i - a ring of protection from fire
 p - a +4 ring of evasion (right hand)
 r - a +6 ring of strength (left hand)
 z - a ring of see invisible
 B - a ring of see invisible
 H - a ring of protection from fire
 J - a ring of flight
Wands
 s - a wand of flame (35)
 t - a wand of roots (5)
 w - a wand of paralysis (16)
Scrolls
 a - 8 scrolls of teleportation
 e - 4 scrolls of poison
 g - 3 scrolls of magic mapping
 k - 2 scrolls of immolation
 l - 4 scrolls of butterflies
 q - a scroll of blinking
 D - 2 scrolls of enchant armour
 G - 6 scrolls of identify
 I - a scroll of amnesia
 K - a scroll of silence
Potions
 d - a potion of attraction
 h - 5 potions of brilliance
 j - 3 potions of curing
 o - a potion of lignification
 u - 2 potions of heal wounds
 A - 2 potions of cancellation
 E - a potion of might


   Skills:
 + Level 12.5 Fighting
 - Level 5.3 Long Blades
 * Level 14.9 Polearms
 + Level 7.3 Armour
 + Level 7.4 Dodging


You had 12 spell levels left.
You didn't know any spells.
Your spell library was empty.

Dungeon Overview and Level Annotations

Branches:
Dungeon (11/15)            Temple (0/1) D:5            Lair (3/5) D:11
  Swamp (0/4) Lair:3        Snake (1/4) Lair:3
    Orc: D:9-12

Altars:
Cheibriados
Nemelex Xobeh
Wu Jian

Shops:
D:2 :   D:10 (*:!?

Annotations:
D:8 3 runed translucent doors
Snake:1 Donald, Jorgrun


Innate Abilities, Weirdness & Mutations

You have very sharp fingernails.
You are mostly covered in rugged brown scales. (AC +2, +5% HP)
A demonic guardian rushes to your aid.
You frequently emit foul miasma when damaged in melee.
Your magical and physical power is slightly enhanced at high health.
Your system is resistant to poisons. (rPois)
Your muscles are strong. (Str +4, Int/Dex -1)
You occasionally lose the ability to read scrolls when taking damage.


Message History

You feel sick.
You are no longer poisoned.
The naga ritualist prays to its god.
The naga ritualist begins to radiate toxic energy.
You are too injured to fight recklessly!
You are too injured to fight recklessly!
You are too injured to fight recklessly!
You closely miss the mana viper. You slice the mana viper!!
You burn the mana viper.
The mana viper is almost dead.
The naga mage gestures at you while chanting.
The bolt of poison hits you. You resist. The mana viper bites you!
You feel your power leaking away.
You emit a cloud of foul miasma!
You slice the mana viper!! You burn the mana viper!
You kill the mana viper!
Trog accepts your kill. The naga mage closely misses you.
The naga mage grabs you. The naga mage constricts you.
You impale the mana viper!! You burn the mana viper.
You kill the mana viper!
Trog accepts your kill.
You escape the naga mage's grasp.
You are no longer berserk.
You are exhausted.
You feel yourself slow down.
Jorgrun points next to you and mumbles some strange words.
The wall shatters!
The blast of rock fragments hits you!!! The naga mage completely misses you.
The naga mage barely misses you.
You barely miss the naga mage.
You are poisoned.
The black mamba barely misses you. The naga mage casts a spell at you.
The bolt of poison hits you.
You are more poisoned.
You resist. The black mamba completely misses you.
Jorgrun casts a spell at you. The iron shot hits you!!!
You feel threatened and lose the ability to read scrolls!
You die...

#.......)).# #
#........#.# ###.######.#
#.# #.# .. ##
#####.######.###
...###.###......#.......#
......g..................
......N§.................
...#...N@#...............
#.##S.##.............. #
#..##.##+###+......
#..##.# #...... ......#
#...... ##...... +......
####### #...... #.....


You could see Jorgrun, a naga ritualist (toxic aura, curare), a black mamba and
a naga mage (fast).

Vanquished Creatures
  Mlioglotl (Snake:1)
  4 hydras
  2 boulder beetles
  2 anacondas (Snake:1)
  A catoblepas (Lair:1)
  A death knight (D:8)
  2 two-headed ogres
  A naga warrior (Snake:1)
  3 death yaks
  A tengu warrior (D:10)
  2 naga ritualists (Snake:1)
  Pikel (D:5)
  3 mana vipers (Snake:1)
  A salamander (Snake:1)
  2 naga magi (Snake:1)
  10 black mambas (Snake:1)
  Maurice (D:9)
  8 cane toads
  5 komodo dragons
  A rime drake (Lair:1)
  4 dream sheep (Lair:1)
  Sigmund (D:3)
  3 wyverns
  2 wraiths
  A steam dragon (D:9)
  24 yaks
  2 vampire mosquitoes (D:10)
  8 nagas
  10 water moccasins
  An acid dragon (D:9)
  Duvessa (D:6)
  An ice beast (D:6)
  An orc warrior (D:8)
  A sky beast (D:6)
  9 wolves
  An ogre (D:5)
  4 centaurs
  2 lemures (D:5)
  2 phantoms
  13 bullfrogs
  2 necrophages (D:5)
  2 scorpions (D:5)
  13 wights
  Dowan (D:6)
  12 killer bees
  An electric eel (D:8)
  3 hounds
  3 gnoll boudas
  A jelly (D:7)
  6 orc priests
  6 orc wizards
  3 iguanas
  8 gnolls
  7 adders
  A shadow imp (D:6)
  2 white imps
  An ufetubus (D:5)
  A worm (D:2)
  2 dart slugs
  31 orcs
  8 ball pythons
  10 endoplasms
  A giant cockroach (D:1)
  10 goblins
  8 hobgoblins
  9 kobolds
  5 quokkas
  6 bats
  9 frilled lizards
  6 rats
321 creatures vanquished.

Vanquished Creatures (collateral kills)
  2 death yaks (Lair:3)
  A black mamba (Snake:1)
  2 yaks (D:10)
  A black bear (Lair:3)
  An ice beast (D:7)
  A killer bee (D:7)
8 creatures vanquished.

Vanquished Creatures (others)
  11 fungi
  50 plants
61 creatures vanquished.

Grand Total: 390 creatures vanquished

Notes
Turn   | Place    | Note
-------+----------+-------------------------------------------
     0 | D:1      | XZede the Demonspawn Berserker began the quest for the Orb.
     0 | D:1      | Reached XP level 1. HP: 18/18 MP: 1/1
    48 | D:1      | HP: 1/27 [hobgoblin (1)]
   344 | D:1      | Gained mutation: You may rarely emit foul miasma when
                  | damaged in melee. [demonic ancestry]
   344 | D:1      | Reached XP level 2. HP: 11/24 MP: 2/2
   955 | D:1      | Gained mutation: You sometimes emit foul miasma when
                  | damaged in melee. [demonic ancestry]
   955 | D:1      | Reached XP level 3. HP: 29/29 MP: 3/3
  1007 | D:1      | Reached ** piety under Trog
  2131 | D:2      | Found Benn's Book Shoppe.
  2984 | D:3      | Gained mutation: You have sharp fingernails. [demonic
                  | ancestry]
  2984 | D:3      | Reached XP level 4. HP: 25/37 MP: 4/4
  3532 | D:3      | Noticed Sigmund
  3546 | D:3      | Killed Sigmund
  3547 | D:3      | Reached skill level 5 in Long Blades
  3547 | D:3      | Reached XP level 5. HP: 42/43 MP: 5/5
  3547 | D:3      | Gained mutation: You are partially covered in rugged brown
                  | scales. (AC +1, +3% HP) [demonic ancestry]
  3547 | D:3      | Reached XP level 6. HP: 42/50 MP: 6/6
  3659 | D:3      | You fall into a shaft and drop 1 floor!
  3673 | D:4      | Reached *** piety under Trog
  3674 | D:4      | Reached skill level 1 in Polearms
  3941 | D:4      | Identified the +2 dagger of the Summoning Gods {freeze, rF+
                  | rN+}
  4238 | D:4      | Found a snail-covered altar of Cheibriados.
  4361 | D:4      | Reached skill level 5 in Fighting
  4361 | D:4      | Reached skill level 2 in Polearms
  4678 | D:5      | Entered Level 5 of the Dungeon
  4772 | D:5      | Reached skill level 3 in Polearms
  4772 | D:5      | Gained mutation: You are mostly covered in rugged brown
                  | scales. (AC +2, +5% HP) [demonic ancestry]
  4772 | D:5      | Reached XP level 7. HP: 45/58 MP: 7/7
  4885 | D:5      | Found a staircase to the Ecumenical Temple.
  5004 | D:5      | Reached skill level 4 in Polearms
  5346 | D:5      | Noticed Pikel
  5364 | D:5      | Killed Pikel
  5365 | D:5      | Reached skill level 5 in Polearms
  5365 | D:5      | Gained mutation: You frequently emit foul miasma when
                  | damaged in melee. [demonic ancestry]
  5365 | D:5      | Reached XP level 8. HP: 68/68 MP: 8/8
  5640 | D:5      | Reached skill level 6 in Polearms
  5865 | D:6      | Noticed Dowan
  5868 | D:6      | Noticed Duvessa
  5875 | D:6      | Killed Dowan
  5880 | D:6      | Killed Duvessa
  6539 | D:6      | Reached skill level 7 in Polearms
  6763 | D:6      | Gained mutation: You occasionally lose the ability to read
                  | scrolls when taking damage. [potion of mutation]
  6763 | D:6      | Gained mutation: Your muscles are strong. (Str +4, Int/Dex
                  | -1) [potion of mutation]
  6763 | D:6      | Gained mutation: Your system is resistant to poisons.
                  | (rPois) [potion of mutation]
  6984 | D:7      | Gained mutation: A weak demonic guardian rushes to your
                  | aid. [demonic ancestry]
  6984 | D:7      | Reached XP level 9. HP: 75/75 MP: 9/9
  7545 | D:7      | Reached **** piety under Trog
  7716 | D:7      | Reached skill level 8 in Polearms
  8155 | D:7      | Identified the +1 robe of Elyvilon's Pride {rCorr Str+4}
  9460 | D:8      | Reached skill level 9 in Polearms
  9470 | D:8      | Noticed a two-headed ogre
  9481 | D:8      | Killed a two-headed ogre
  9601 | D:8      | Noticed a tengu conjurer
  9601 | D:8      | Noticed a centaur warrior
  9601 | D:8      | Noticed a boulder beetle
  9606 | D:8      | Found a runed translucent door.
  9629 | D:8      | Gained mutation: You have very sharp fingernails. [demonic
                  | ancestry]
  9629 | D:8      | Reached XP level 10. HP: 74/86 MP: 10/10
  9750 | D:8      | Found a runed translucent door.
  9752 | D:8      | Found a runed translucent door.
  9752 | D:8      | Noticed a two-headed ogre
  9752 | D:8      | Noticed a boulder beetle
  9767 | D:8      | Noticed a death knight
  9776 | D:8      | Killed a death knight
  9777 | D:8      | Reached skill level 10 in Polearms
 10786 | D:9      | Noticed Maurice
 10800 | D:9      | Killed Maurice
 10932 | D:9      | Noticed a two-headed ogre
 10942 | D:9      | Killed a two-headed ogre
 11289 | D:9      | Reached skill level 11 in Polearms
 11815 | D:10     | Entered Level 10 of the Dungeon
 11831 | D:10     | Reached skill level 10 in Fighting
 11993 | D:10     | Found Feudum's Magic Scroll Shop.
 12002 | D:10     | Noticed a tengu warrior
 12015 | D:10     | Killed a tengu warrior
 12016 | D:10     | Gained mutation: Your magical and physical power is
                  | slightly enhanced at high health. [demonic ancestry]
 12016 | D:10     | Reached XP level 11. HP: 26/95 MP: 11/11
 12345 | D:10     | Bought a scroll of identify for 24 gold pieces
 12400 | D:10     | Found an ornate altar of the Wu Jian Council.
 12416 | D:10     | Found Ducathouff's Weapon Shop.
 12465 | D:10     | Found Hic Ozxa's Book Shoppe.
 12517 | D:10     | Found Fole's Island Escapes.
 12698 | D:10     | Found Uneorchom's Distillery.
 12790 | D:10     | Bought a scroll of blinking for 112 gold pieces
 12846 | D:10     | Bought a potion of heal wounds for 65 gold pieces
 12869 | D:11     | Found a staircase to the Lair.
 12876 | Lair:1   | Entered Level 1 of the Lair of Beasts
 12945 | Lair:1   | Reached skill level 12 in Polearms
 13336 | Lair:1   | Noticed a catoblepas
 13357 | Lair:1   | Killed a catoblepas
 14446 | Lair:2   | Gained mutation: A demonic guardian rushes to your aid.
                  | [demonic ancestry]
 14446 | Lair:2   | Reached XP level 12. HP: 105/105 MP: 12/12
 14454 | Lair:2   | Noticed a boulder beetle
 14465 | Lair:2   | Killed a boulder beetle
 14466 | Lair:2   | Reached skill level 13 in Polearms
 14466 | Lair:2   | Reached skill level 5 in Armour
 14466 | Lair:2   | Reached skill level 5 in Dodging
 14950 | Lair:2   | Noticed a four-headed hydra
 14954 | Lair:2   | Killed a one-headed hydra
 15232 | Lair:2   | Noticed a four-headed hydra
 15238 | Lair:2   | Killed a one-headed hydra
 15514 | Lair:3   | Noticed a death yak
 15516 | Lair:3   | Noticed a death yak
 15516 | Lair:3   | Noticed a death yak
 15517 | Lair:3   | Noticed a death yak
 15518 | Lair:3   | Noticed a death yak
 15519 | Lair:3   | Noticed a boulder beetle
 15742 | Lair:2   | Killed a death yak
 15949 | Lair:3   | Found a staircase to the Snake Pit.
 15981 | Lair:3   | Killed a death yak
 15988 | Lair:3   | Killed a death yak
 15990 | Lair:3   | Killed a death yak
 15994 | Lair:3   | Killed a death yak
 16068 | Lair:3   | Killed a boulder beetle
 16069 | Lair:3   | Reached skill level 14 in Polearms
 16567 | Lair:3   | Noticed a six-headed hydra
 16679 | Lair:3   | Found a staircase to the Swamp.
 16832 | Lair:3   | Noticed a four-headed hydra
 16840 | Lair:3   | Killed a one-headed hydra
 16927 | Lair:3   | Killed a three-headed hydra
 17141 | Snake:1  | Entered Level 1 of the Snake Pit
 17141 | Snake:1  | Noticed Donald
 17141 | Snake:1  | Noticed a naga warrior
 17142 | Snake:1  | Noticed an anaconda
 17171 | Snake:1  | Noticed a naga warrior
 17189 | Snake:1  | Killed a naga warrior
 17190 | Snake:1  | Reached XP level 13. HP: 35/113 MP: 13/13
 17662 | Snake:1  | Found a sparkling altar of Nemelex Xobeh.
 17694 | Snake:1  | Identified the +5 ring mail of Goest {Str+3}
 18443 | Snake:1  | Noticed Mlioglotl
 18452 | Snake:1  | Noticed Jorgrun
 18465 | Snake:1  | Killed Mlioglotl
 18472 | Snake:1  | Killed from afar by Jorgrun

Illustrated notes

Levels and vault maps discovered:
D:1:      heliophobic_arrival_glass_houses, layout_basic, minmay_pentomino_z4
D:2:      layout_basic, serial_shops, shop, minmay_goblin_outpost
D:3:      layout_loops_ring, minmay_box_of_dots, uniq_sigmund
D:4:      layout_basic, kennysheep_mini_moat, minmay_vboxes
D:5:      layout_loops_ring, temple_doors_cd, uniq_pikel
D:6:      layout_cave_pods, uniq_duvessa
D:7:      layout_basic
D:8:      minmay_the_grid_triangle_9x9_rhombus_full
          [minmay_the_grid_triangle_9x9_skeleton,
          minmay_the_grid_triangle_9x9_descending_squares,
          minmay_the_grid_triangle_9x9_subtriangle,
          minmay_the_grid_triangle_9x9_intruding_spiral,
          minmay_the_grid_triangle_9x9_tough_junction,
          minmay_the_grid_triangle_9x9_sparse_checkered,
          minmay_the_grid_triangle_9x9_steps,
          minmay_the_grid_triangle_9x9_prize_top_heavy], layout_loops_cross,
          kennysheep_generic_room_2
D:9:      layout_basic, uniq_maurice
D:10:     layout_cave_pools, serial_park, serial_park_square2,
          serial_park_tiny_1, serial_shops, shop, nicolae_stop_n_shop_2,
          nicolae_diamond_shop, nicolae_lakefront_shop, nicolae_island_escapes
D:11:     layout_loops_corners, lair_entry_dummy, enter_trove_5,
          ploomutoo_gammafunk_ghost_potion_laboratory
Lair:1:   layout_roguey, st_stairs_6, minivault_26, dreamdust_gnoll_shepherd
Lair:2:   cheibrodos_lair_river_kwai, layout_loops_ring, serial_bayou_lagoon_a
Lair:3:   layout_chaotic_city, palyth_hydra_swamp_entry,
          minmay_snake_entry_guardpost_medium, chequers_serial_rivers_large_b,
          grunt_megastairs_3
Snake:1:  layout_gridlike, basic_altar, nicolae_integral_box, uniq_donald,
          uniq_mlioglotl, uniq_jorgrun

Skill      XL: |  1  2  3  4  5  6  7  8  9 10 11 12 13 |
---------------+----------------------------------------+-----
Long Blades    | 3 4 5 |  5.3
Fighting       | 4 5 6 7 8 10 11 12 | 12.5
Polearms       | 3 5 7 9 11 12 14 | 14.9
Dodging        | 2 4 6 7 |  7.4
Armour         | 2 4 6 7 |  7.3

Action                   |  1- 3 |  4- 6 |  7- 9 | 10-12 | 13-15 || total
-------------------------+-------+-------+-------+-------+-------++-------
Melee: Falchion          |   163 |    33 |       |       |       ||   196
       Halberd           |       |    66 |   208 |   422 |    96 ||   792
Invok: Berserk           |     3 |     3 |     6 |    16 |     3 ||    31
       Trog's Hand       |       |     1 |     3 |     4 |     1 ||     9
       Brothers in Arms  |       |       |       |     3 |       ||     3
Evoke: Wand              |       |       |     7 |    20 |     1 ||    28
  Use: Scroll            |    10 |     4 |     5 |    10 |     1 ||    30
       Potion            |       |       |     2 |     7 |     1 ||    10
 Stab: Sleeping          |     2 |     1 |       |     2 |       ||     5
       Distracted        |       |       |       |     1 |       ||     1
Armor: Animal skin       |     4 |       |       |       |       ||     4
       Leather armour    |    49 |    14 |       |       |       ||    63
       Robe              |       |    34 |    75 |   103 |    10 ||   222
       Ring mail         |       |       |       |       |    18 ||    18
Dodge: Dodged            |   114 |    79 |   142 |   234 |    89 ||   658
